Cogmind - Beta 11 --- EXPLORER MODE // 2022.04.10 @ 12:22:35 // Winter2019/RPGLIKE Player: Kiks Result: Self-destructed Performance ------------- Evolutions (7) 3500 Regions Visited (24) 4800 Robots Destroyed (697) 3485 Value Destroyed (32694) 32694 Prototype IDs (9) 180 Alien Tech Used (7) 1400 Bonus (8824) 8824 TOTAL SCORE: 54883 Bonus ------- High Alert Combat Kills 5155 Follower Combat Kills 1863 Network Hubs Disabled 400 Met Zhirov 300 A7 Reached Mainframe 300 Used Core Reset Matrix 3000 Scanned by Researcher 500 Friendly Fire -2694 Cogmind --------- Core Integrity 1556/2000 Matter 107/725 Energy 550/550 System Corruption 0% Temperature Cool (0) Movement Walking (120) Location -3/Section 7 Parts ------- > --- POWER (1) -------- Quantum Reactor > --- PROPULSION (5) --- Centrium Leg Centrium Leg Centrium Leg Centrium Leg Centrium Leg > --- UTILITY (10) ----- Advanced Cooling System Advanced Targeting Computer Improved Armor Integrity Analyzer Kinecellerator Improved Medium Armor Plating Layered Heavy Armor Plating Improved Dynamic Insulation System Long-range Tractor Beam > --- WEAPON (5) ------- Linear Accelerator Linear Accelerator Linear Accelerator Linear Accelerator Linear Accelerator > --- INVENTORY (6) ---- Advanced Cooling System Experimental Thermal Shield Improved Shock Absorption System Advanced Hardlight Generator Peak State ------------ > --- POWER ------------ Quantum Reactor > --- PROPULSION ------- Centrium Leg Centrium Leg Centrium Leg Centrium Leg Centrium Leg > --- UTILITY ---------- Advanced Targeting Computer Improved Armor Integrity Analyzer Recoil Nullifier Kinecellerator Improved Medium Armor Plating Layered Heavy Armor Plating Improved Dynamic Insulation System Long-range Tractor Beam Spacefold Activator > --- WEAPON ----------- Linear Accelerator Linear Accelerator Linear Accelerator Linear Accelerator Linear Accelerator > --- INVENTORY -------- Advanced Cooling System Advanced Cooling System Experimental Thermal Shield Advanced Hardlight Generator Subatomic Replicator [Rating: 157] Favorites ----------- Power Quantum Reactor Engine Ion Engine Power Core Light Nuclear Core Reactor Quantum Reactor Propulsion Centrium Leg Leg Centrium Leg Utility Advanced Targeting Computer Device Long-range Tractor Beam Storage High-capacity Matter Pod Processor Advanced Targeting Computer Hackware Authchip [Armor] Protection Improved Medium Armor Plating Artifact Spacefold Activator Weapon Linear Accelerator Energy Gun Dispersion Rifle Ballistic Gun KE Penetrator Ballistic Cannon Linear Accelerator Build | -11 -10 -10 -9 -9 -9 -8 -8 -8 -8 -6 -6 -6 -6 -6 -5 -5 -5 -5 -4 -4 -4 -3 -3 -3 ------- Run | Scr Mat Min Mat Min Exi Min Mat Sto Rec Fac Ext Cet Arc Hub Fac Upp Upp Zhi Pro Fac Arm Res Qua Sec Slots Evolved 17 | 3 . 1 4 1 . . 2 . 1 . 2 1 . . . . . . 1 . 1 . . . Power . | . . . . . . . . . . . . . . . . . . . . . . . . . Propulsion 4 | 1 . . 2 . . . . . . . . 1 . . . . . . . . . . . . Utility 9 | 1 . 1 1 1 . . 1 . 1 . 1 . . . . . . . 1 . 1 . . . Weapon 4 | 1 . . 1 . . . 1 . . . 1 . . . . . . . . . . . . . Parts Attached 111 | 7 2 1 8 1 . 1 11 4 . 3 5 1 . 1 1 5 1 1 9 10 19 2 10 8 Power 6 | 1 1 . . . . . . . . 1 1 . . . . . . 1 1 . . . . . Engine 1 | 1 . . . . . . . . . . . . . . . . . . . . . . . . Core 2 | . 1 . . . . . . . . 1 . . . . . . . . . . . . . . Reactor 3 | . . . . . . . . . . . 1 . . . . . . 1 1 . . . . . Propulsion 29 | 2 . . 3 . . 1 3 . . . 1 1 . 1 . . . . 6 1 8 1 . 1 Treads . | . . . . . . . . . . . . . . . . . . . . . . . . . Leg 29 | 2 . . 3 . . 1 3 . . . 1 1 . 1 . . . . 6 1 8 1 . 1 Wheel . | . . . . . . . . . . . . . . . . . . . . . . . . . Hover . | . . . . . . . . . . . . . . . . . . . . . . . . . Flight . | . . . . . . . . . . . . . . . . . . . . . . . . . Utility 39 | 2 . 1 1 1 . . 5 1 . 1 2 . . . . 4 . . 1 5 5 1 2 7 Device 22 | . . . . 1 . . 1 1 . 1 2 . . . . 2 . . . 3 4 . 1 6 Storage 1 | . . . 1 . . . . . . . . . . . . . . . . . . . . . Processor 7 | 2 . 1 . . . . 2 . . . . . . . . 1 . . . . . . 1 . Hackware 1 | . . . . . . . . . . . . . . . . . . . . . 1 . . . Protection 7 | . . . . . . . 2 . . . . . . . . 1 . . 1 2 . 1 . . Artifact 1 | . . . . . . . . . . . . . . . . . . . . . . . . 1 Weapon 37 | 2 1 . 4 . . . 3 3 . 1 1 . . . 1 1 1 . 1 4 6 . 8 . Energy Gun 4 | 1 . . . . . . . . . . . . . . . . . . . . . . 3 . Energy Cannon . | . . . . . . . . . . . . . . . . . . . . . . . . . Ballistic Gun 4 | 1 . . 1 . . . . 1 . . . . . . 1 . . . . . . . . . Ballistic Cannon 29 | . 1 . 3 . . . 3 2 . 1 1 . . . . 1 1 . 1 4 6 . 5 . Launcher . | . . . . . . . . . . . . . . . . . . . . . . . . . Special Weapon . | . . . . . . . . . . . . . . . . . . . . . . . . . Impact Weapon . | . . . . . . . . . . . . . . . . . . . . . . . . . Slashing Weapon . | . . . . . . . . . . . . . . . . . . . . . . . . . Piercing Weapon . | . . . . . . . . . . . . . . . . . . . . . . . . . Special Melee Weapon . | . . . . . . . . . . . . . . . . . . . . . . . . . Unidentified Prototypes 11 | . . . . . . . . 2 . . . . . . . . . 1 . . . . . 8 Parts Lost 3 | . . . . . . . . . . . . . . . 1 . . . 2 . . . . . Power . | . . . . . . . . . . . . . . . . . . . . . . . . . Propulsion . | . . . . . . . . . . . . . . . . . . . . . . . . . Utility 3 | . . . . . . . . . . . . . . . 1 . . . 2 . . . . . Weapon . | . . . . . . . . . . . . . . . . . . . . . . . . . Highest Loss Streak 1 | . . . . . . . . . . . . . . . 1 . . . 1 . . . . . To Critical Strikes . | . . . . . . . . . . . . . . . . . . . . . . . . . Average Slot Usage (%) 91 | . 100 100 94 100 100 100 87 85 81 84 84 87 89 89 87 86 94 94 82 84 94 94 93 94 Core 2 | . 10 12 8 7 7 7 6 6 6 6 3 . . . . . . . . . . . . . Reactor 2 | . . . . . . . . . . . 1 5 5 5 5 5 5 5 4 5 4 4 4 4 Leg 25 | . 28 25 30 30 30 30 26 26 25 25 22 22 26 26 26 26 26 26 24 25 23 22 23 22 Device 16 | . . . . 7 7 7 6 9 12 15 17 21 21 21 21 20 21 21 18 18 22 23 22 22 Storage 3 | . . . 7 7 7 7 6 6 6 6 5 5 5 5 5 5 5 5 3 . . . . . Processor 11 | . 28 36 26 23 23 23 14 9 6 6 5 5 5 5 5 5 10 10 10 10 9 9 9 9 Protection 5 | . . . . . . . 5 6 6 6 5 5 5 5 3 2 5 5 4 8 9 9 9 9 Ballistic Gun 1 | . 14 12 . . . . . . . . . . . . 4 5 5 5 5 2 . . . . Ballistic Cannon 19 | . 13 12 20 23 23 23 19 19 18 18 21 21 21 21 14 14 15 15 13 15 22 23 20 23 Naked Turns . | . . . . . . . . . . . . . . . . . . . . . . . . . Heaviest Build 118 | 8 10 10 20 21 21 21 56 57 54 64 75 75 75 75 75 58 58 63 63 94 118 118 118 118 Greatest Support 150 | 20 20 20 40 40 40 45 66 66 66 66 71 91 91 94 94 94 94 94 120 120 150 150 150 150 Greatest Overweight (x) 1 | . . . . . . . 1 . . . 1 1 . . . . . . . . 1 . . . Average Overweight (x) . | . . . . . . . . . . . . . . . . . . . . . . . . . Largest Inventory Capacity 6 | 4 4 4 4 4 4 4 4 5 5 5 5 5 5 5 5 5 5 5 5 5 5 5 6 6 Average Capacity 4 | 4 4 4 4 4 4 4 4 4 5 5 5 5 5 5 5 5 5 5 5 5 5 5 5 6 Most Carried 6 | 3 4 4 4 4 3 4 4 5 5 5 4 5 4 5 5 5 5 5 5 5 5 5 6 6 Average Carried 4 | . 3 3 3 3 3 3 3 4 5 4 3 4 4 3 2 3 4 4 3 3 4 4 5 4 Final Capacity 6 | 4 4 4 4 4 4 4 4 5 5 5 5 5 5 5 5 5 5 5 5 5 5 5 6 6 Final Carried 5 | . 4 4 4 3 3 3 4 5 5 4 4 4 4 3 5 4 4 4 2 3 5 5 3 4 Class Distribution -------------------- 68% | Hacker-Gunner 13% | Scavenger-Gunner 12% | Hacker-Mutant 3% | Commander-Gunner Dominant Class ---------------- Hacker-Mutant | -10/Materials Hacker-Mutant | -10/Mines Hacker-Mutant | -9/Materials Hacker-Gunner | -9/Mines Hacker-Gunner | -9/Exiles Hacker-Gunner | -8/Mines Hacker-Gunner | -8/Materials Commander-Gunner | -8/Storage Commander-Gunner | -8/Recycling Hacker-Gunner | -6/Factory Hacker-Gunner | -6/Extension Hacker-Gunner | -6/Cetus Hacker-Gunner | -6/Archives Hacker-Gunner | -6/Hub_04(d) Hacker-Gunner | -5/Factory Hacker-Gunner | -5/Upper Caves Hacker-Gunner | -5/Upper Caves Hacker-Gunner | -5/Zhirov Hacker-Gunner | -4/Proximity Caves Scavenger-Gunner | -4/Factory Scavenger-Gunner | -4/Armory Hacker-Gunner | -3/Research Hacker-Gunner | -3/Quarantine Hacker-Gunner | -3/Section 7 Resources | -11 -10 -10 -9 -9 -9 -8 -8 -8 -8 -6 -6 -6 -6 -6 -5 -5 -5 -5 -4 -4 -4 -3 -3 -3 ----------- Run | Scr Mat Min Mat Min Exi Min Mat Sto Rec Fac Ext Cet Arc Hub Fac Upp Upp Zhi Pro Fac Arm Res Qua Sec Matter Collected 25864 | 226 307 352 484 296 223 147 1132 616 543 1003 498 299 88 1447 1361 405 326 168 940 1982 4167 2437 3013 3404 Remotely 24479 | . . . . 296 223 147 1132 616 543 999 498 299 88 1442 1361 405 319 168 940 1982 4167 2437 3013 3404 Salvage Created 21206 | . 438 217 692 207 211 140 936 594 625 1014 204 438 15 1523 2264 536 342 81 1542 1338 2105 2103 1670 1971 Parts 965 | . 41 8 57 21 11 11 61 50 20 36 9 10 6 67 107 22 14 . 45 67 82 79 69 72 Haulers Intercepted 23 | . 1 . 4 . . . 2 5 1 2 1 . . 6 1 . . . . . . . . . Recyclers Shooed 8 | . . 1 1 . . . . . . 2 . . . . 1 . . . . 2 . 1 . . Parts Field Recycled . | . . . . . . . . . . . . . . . . . . . . . . . . . Retrieved Matter . | . . . . . . . . . . . . . . . . . . . . . . . . . Parts Self-Destructed . | . . . . . . . . . . . . . . . . . . . . . . . . . Prevented . | . . . . . . . . . . . . . . . . . . . . . . . . . Kills | -11 -10 -10 -9 -9 -9 -8 -8 -8 -8 -6 -6 -6 -6 -6 -5 -5 -5 -5 -4 -4 -4 -3 -3 -3 ------- Run | Scr Mat Min Mat Min Exi Min Mat Sto Rec Fac Ext Cet Arc Hub Fac Upp Upp Zhi Pro Fac Arm Res Qua Sec Combat Hostiles Destroyed 504 | . 10 8 15 8 3 4 26 14 8 29 6 8 4 31 56 17 9 . 22 39 71 44 31 41 Guns 36 | . 4 5 . . . . . . . . . . . . 10 4 2 . 9 1 . . 1 . Cannons 465 | . 6 3 15 8 3 4 26 14 8 29 6 8 4 31 43 13 7 . 13 38 71 44 30 41 AOE 3 | . . . . . . . . . . . . . . . 3 . . . . . . . . . Classes Destroyed 28 | . 6 4 . 1 1 . 1 1 1 3 1 . . 1 1 . 1 . . 1 1 . 3 1 Worker 33 | . 3 . 3 4 . . 3 1 1 2 . . . 6 2 . . . . 2 . . 5 1 Builder 26 | . . . . 1 . 1 4 2 1 3 . . . 3 6 . . . . 1 . . 4 . Tunneler 9 | . 1 . . 1 . 1 1 . . . . . . 1 3 . . . . . . 1 . . Hauler 23 | . 1 . 4 . . . 2 5 1 2 1 . . 6 1 . . . . . . . . . Recycler 35 | . . 1 3 2 . 1 3 . 4 . . . . 1 5 . . . . 2 . 6 5 2 Mechanic 1 | . . . . . . . . . . 1 . . . . . . . . . . . . . . Operator 20 | . . . . . . . 2 1 . 3 . . . 4 1 . . . . 1 2 . 1 5 Drone 3 | . . . . . . . . . 3 . . . . . . . . . . . . . . . Watcher 48 | . 3 . 5 . . . 5 1 . 1 1 1 . 4 5 . . . . 6 5 4 3 4 Swarmer 79 | . 2 . 7 8 . . 11 4 1 6 2 . . . 11 6 . . 1 4 7 5 . 4 Saboteur 4 | . . . . . . . . . . . . . . . 1 . . . . 1 1 1 . . Grunt 180 | . 8 2 2 . 2 4 6 3 2 19 . 8 . 12 22 5 5 . 10 14 20 16 13 7 Brawler 8 | . . . . . . . . 1 1 . . . . . 1 1 . . 2 1 . 1 . . Duelist 15 | . . . . . . . . . . 1 . . . . 2 2 1 . 2 1 4 2 . . Protector 4 | . . . . . . . . . . . . . . 1 . . . . . . 2 1 . . Researcher 4 | . . . . . . . . . . . . . . . . . . . . . . . 4 . Sentry 75 | . . 1 6 . . . 8 6 1 2 3 . 4 9 3 2 . . 1 6 9 2 1 11 Demolisher 10 | . . 2 . . . . . . . . . . . . 1 . . . . . 7 . . . Specialist 9 | . . . . . . . . . . . . . . . . . . . . . 6 . 3 . Hunter 39 | . . . . . 1 . 1 . . . . . . 2 5 . . . 6 5 6 5 4 4 Programmer 51 | . . . . . . . . . . 1 . . . 3 4 . 3 . . 6 8 10 7 9 Q-Series 4 | . . . . . . . . . . . . . . . . . . . . . . . 2 2 Behemoth 7 | . . . . . . . . . . . 1 . . 1 . 1 . . . . 1 1 . 2 Lightning 3 | . . . . . . . . . . . . . . 3 . . . . . . . . . . Striker 1 | . . . . . . . . . . . . . . . . . . . . 1 . . . . Alpha 7 2 | . . . . . . . . . . . . . . . . . . . . . . . . 2 Fortress 1 | . . . . . . . . . . . . . . . . . . . . . . . 1 . Samaritan 1 | . . . . . . . . . . . . . . . . . 1 . . . . . . . Assembled 9 | . . 3 . . . . . . . . . . . . 6 . . . . . . . . . Best Kill Streak 14 | . 8 3 7 4 1 3 6 7 12 11 3 6 4 5 14 9 3 2 11 10 13 7 8 5 Combat Bots Only 13 | . 4 2 3 3 1 2 6 6 8 11 2 6 4 4 12 9 3 . 11 8 13 5 7 5 Max Kills in Single Turn 4 | . 1 1 2 3 1 2 3 3 2 1 1 1 1 4 4 2 1 1 1 3 2 2 3 3 Gunslinging . | . . . . . . . . . . . . . . . . . . . . . . . . . Exploded 3 | . . . . . . . . . . . . . . . 3 . . . . . . . . . Melee . | . . . . . . . . . . . . . . . . . . . . . . . . . Uniques/NPCs Destroyed 3 | . . . . . . . . . . . . 1 . . . . . 2 . . . . . . A7 (-6/Cetus) Perun (-5/Zhirov) Svarog (-5/Zhirov) Combat | -11 -10 -10 -9 -9 -9 -8 -8 -8 -8 -6 -6 -6 -6 -6 -5 -5 -5 -5 -4 -4 -4 -3 -3 -3 -------- Run | Scr Mat Min Mat Min Exi Min Mat Sto Rec Fac Ext Cet Arc Hub Fac Upp Upp Zhi Pro Fac Arm Res Qua Sec Damage Taken 18041 | . 236 72 240 58 . 130 161 114 . 922 352 228 73 2428 1830 339 280 343 1332 1914 2462 1223 1766 1538 Core 11739 | . 178 60 192 44 . 107 113 80 . 625 210 154 51 1518 1307 264 213 245 967 1178 1477 782 1064 910 Absorbed by Shields 64 | . . . . . . . . . . . . 64 . . . . . . . . . . . . Redirected to Core 10604 | . 162 35 138 41 . 70 99 64 . 515 195 141 51 1443 1133 210 213 240 858 1070 1374 733 985 834 Regen/Repaired (Parts) 634 | . . . . . . . . . . . . . . . . . . . . . . . . 634 Core Remaining (%) 83 | 100 . 100 . . . 100 . . 100 . . . . 7 . . . . 86 . 91 . . . Volleys Fired 1118 | . 37 17 46 18 19 11 55 27 24 62 19 17 9 79 94 23 20 8 52 76 123 68 111 103 Largest 5 | . 2 2 3 3 3 3 3 3 3 3 4 4 4 4 4 4 4 4 4 4 5 5 5 5 Hottest 330 | . 55 55 113 113 113 113 156 156 156 156 204 204 204 204 204 189 189 189 189 232 330 330 330 330 Shots Fired 4005 | . 74 34 106 54 57 33 154 79 71 184 76 68 36 311 356 92 76 35 181 270 496 301 434 427 Gun 305 | . 37 17 . . . . . . . . . . . . 81 23 18 10 51 11 . . 57 . Cannon 3700 | . 37 17 106 54 57 33 154 79 71 184 76 68 36 311 275 69 58 25 130 259 496 301 377 427 Launcher . | . . . . . . . . . . . . . . . . . . . . . . . . . Special . | . . . . . . . . . . . . . . . . . . . . . . . . . Kinetic 3948 | . 74 34 106 54 57 33 154 79 71 184 76 68 36 311 356 92 76 35 181 270 496 301 377 427 Thermal 57 | . . . . . . . . . . . . . . . . . . . . . . . 57 . Explosive . | . . . . . . . . . . . . . . . . . . . . . . . . . Electromagnetic . | . . . . . . . . . . . . . . . . . . . . . . . . . Robot Hit Streak 67 | . 31 32 46 47 26 51 24 33 16 19 16 53 22 61 35 20 36 24 44 49 67 37 67 46 Robot Miss Streak 8 | . 2 . 1 1 1 1 3 1 8 2 2 1 2 2 2 1 1 1 2 1 1 1 2 1 Penetration Max 1 | . . . . . . . 1 . . 1 1 . . 1 1 1 1 1 1 1 . . . . Secondary Targets . | . . . . . . . . . . . . . . . . . . . . . . . . . Shots Hit Robots 2711 | . 62 28 78 35 42 27 96 43 29 123 42 49 24 216 235 58 52 14 115 185 342 181 318 317 Core Hits 1092 | . 26 17 32 16 14 13 43 24 18 52 14 20 10 94 111 26 15 4 53 89 125 77 106 93 Critical Kills 16 | . . 1 . . . . . . . . . . . . 2 . 1 . 2 6 . . 4 . Critical Parts Destroyed 25 | . . . . . . . . . . . . . . . 3 1 . . 1 16 . . 4 . Critical Strikes 289 | . . 2 4 1 4 2 14 5 5 17 7 5 1 23 25 5 5 1 11 49 31 13 34 25 Destroy 44 | . . 1 . . . . . . . . . . . . 5 1 1 . 3 25 . . 8 . Blast 245 | . . 1 4 1 4 2 14 5 5 17 7 5 1 23 20 4 4 1 8 24 31 13 26 25 Melee Attacks . | . . . . . . . . . . . . . . . . . . . . . . . . . Impact . | . . . . . . . . . . . . . . . . . . . . . . . . . Slashing . | . . . . . . . . . . . . . . . . . . . . . . . . . Piercing . | . . . . . . . . . . . . . . . . . . . . . . . . . Sneak Attacks . | . . . . . . . . . . . . . . . . . . . . . . . . . Combat Hostiles . | . . . . . . . . . . . . . . . . . . . . . . . . . Follow-up Attacks . | . . . . . . . . . . . . . . . . . . . . . . . . . Damage Inflicted 117642 | . 926 393 1504 718 831 560 4189 2091 1586 5720 2069 2092 992 9361 10891 2582 2090 623 4051 7463 17152 10274 14265 15219 Guns 7170 | . 415 217 . . . . . . . . . . . . 2431 630 440 129 1302 323 . . 1283 . Cannons 108767 | . 511 176 1504 718 831 560 4189 2091 1586 5720 2065 2092 992 8634 7891 1952 1650 494 2749 7055 17152 10184 12771 15200 Explosions 1592 | . . . . . . . . . . . . . . 727 569 . . . . 85 . . 192 19 Melee . | . . . . . . . . . . . . . . . . . . . . . . . . . Ramming 113 | . . . . . . . . . . . 4 . . . . . . . . . . 90 19 . Kinetic 114654 | . 926 393 1504 718 831 560 4189 2091 1586 5720 2065 2092 992 8634 10322 2582 2090 623 4051 7378 17152 10184 12771 15200 Thermal 1906 | . . . . . . . . . . . . . . . 538 . . . . 85 . . 1283 . Explosive 211 | . . . . . . . . . . . . . . . . . . . . . . . 192 19 Electromagnetic 758 | . . . . . . . . . . . . . . 727 31 . . . . . . . . . Impact . | . . . . . . . . . . . . . . . . . . . . . . . . . Slashing . | . . . . . . . . . . . . . . . . . . . . . . . . . Piercing . | . . . . . . . . . . . . . . . . . . . . . . . . . Highest Corruption 21 | . 1 1 . . . . 2 2 2 1 1 1 1 21 2 2 4 7 7 . 1 1 7 7 Average Corruption 3 | . 1 1 . . . . 1 2 2 1 1 1 1 2 1 2 3 6 7 . 1 1 2 7 Corruption Purged . | . . . . . . . . . . . . . . . . . . . . . . . . . Corruption Blocked . | . . . . . . . . . . . . . . . . . . . . . . . . . Effects 226 | . . 5 . . . . 1 5 5 3 12 2 1 22 4 8 19 12 27 . 7 2 24 67 Message Errors 45 | . . 1 . . . . . . . 1 1 1 . 7 . 4 4 3 5 . 1 1 3 13 Matter Fused 56 | . . 1 . . . . . . 2 . 4 . . 7 . 1 4 4 4 . 3 1 4 21 Heat Flow Errors 20 | . . 1 . . . . . 1 . . 3 . . 1 . . 2 1 4 . . . 1 6 Energy Discharges 26 | . . . . . . . . 1 2 . 1 . 1 . 2 . 2 . 4 . . . 5 8 Parts Rejected 2 | . . . . . . . . . . . . . . . 1 1 . . . . . . . . Data Loss (minor) 25 | . . . . . . . 1 2 . . 3 1 . 1 1 1 2 1 4 . 2 . 1 5 Data Loss (major) 11 | . . . . . . . . 1 . . . . . 1 . 1 1 . 1 . . . 2 4 Misfires 9 | . . . . . . . . . . . . . . . . . . 3 1 . 1 . 2 2 Alerts 10 | . . 2 . . . . . . . . . . . . . . 1 . 2 . . . 2 3 Weapon Failures 22 | . . . . . . . . . 1 2 . . . 5 . . 3 . 2 . . . 4 5 Overload Shots . | . . . . . . . . . . . . . . . . . . . . . . . . . Overflow Damage 5305 | . 18 9 13 10 . . 377 92 217 523 14 33 11 292 825 28 167 8 45 172 889 665 510 387 Projectiles 5036 | . 18 9 13 10 . . 377 92 217 523 14 33 11 231 674 28 167 8 45 172 889 620 498 387 Explosions 224 | . . . . . . . . . . . . . . 61 151 . . . . . . . 12 . Melee 45 | . . . . . . . . . . . . . . . . . . . . . . 45 . . Knockbacks 562 | . 1 2 8 7 6 8 9 1 8 30 2 17 2 34 36 7 8 4 21 60 74 59 68 90 Impact 3 | . . . . . . . . . . . . . . . . . . . . . . 2 1 . Kinetic 509 | . 1 2 8 6 5 8 9 1 7 25 2 16 2 32 32 7 7 4 20 57 72 51 62 73 Secondary 50 | . . . . 1 1 . . . 1 5 . 1 . 2 4 . 1 . 1 3 2 6 5 17 Self-Inflicted Damage 227 | . . . . . . . . . . . . . . 129 37 . . . . 61 . . . . Shots 5 | . . . . . . . . . . . . . . 2 1 . . . . 2 . . . . Rammed . | . . . . . . . . . . . . . . . . . . . . . . . . . Targets Rammed 5 | . . . . . . . . . . . 1 . . . . . . . . . . 2 1 1 Kicked 5 | . . . . . . . . . . . 1 . . . . . . . . . . 2 1 1 Crushed . | . . . . . . . . . . . . . . . . . . . . . . . . . Highest Temperature 418 | . . 215 12 9 9 57 339 283 36 192 129 36 . 158 27 . 180 169 135 264 418 90 . 170 Average Temperature 65 | . . 111 4 3 3 20 85 88 13 42 36 14 . 39 14 . 105 108 50 71 130 10 . 11 Received Heat Transfer 4587 | . 168 39 57 . . 108 81 54 . 453 90 233 27 357 703 66 120 18 484 291 473 318 327 120 Effects 13 | . . . . . . . . 3 . . . . . . . . . . . . 10 . . . Shutdowns 2 | . . . . . . . . . . . . . . . . . . . . . 2 . . . Energy Bleed 2 | . . . . . . . . 1 . . . . . . . . . . . . 1 . . . Interference 7 | . . . . . . . . 2 . . . . . . . . . . . . 5 . . . Short Circuit 1 | . . . . . . . . . . . . . . . . . . . . . 1 . . . Damage (minor) 1 | . . . . . . . . . . . . . . . . . . . . . 1 . . . Siege Activations . | . . . . . . . . . . . . . . . . . . . . . . . . . Robots Corrupted . | . . . . . . . . . . . . . . . . . . . . . . . . . Combat Hostiles . | . . . . . . . . . . . . . . . . . . . . . . . . . Parts Fried 4 | . . . . . . . . . . . . . . 4 . . . . . . . . . . Impact Corruptions 8 | . . . . 1 . . 1 . . 2 . . . . . . . . . . . 3 . 1 Robots Melted . | . . . . . . . . . . . . . . . . . . . . . . . . . Combat Hostiles . | . . . . . . . . . . . . . . . . . . . . . . . . . Parts Melted 4 | . . . . . . . . . . . . . . . . . . . . . . . 4 . Heat Transferred 2065 | . . . . . . . . . . . . . . . 350 . . . . 50 . . 1665 . Parts Sabotaged 5 | . . . . . . . . . . . . . . . . . . . 4 1 . . . . Parts Stolen . | . . . . . . . . . . . . . . . . . . . . . . . . . Parts Stripped . | . . . . . . . . . . . . . . . . . . . . . . . . . Power Chain Reactions 2 | . . . . . . . . . . . . . . 2 . . . . . . . . . . Missiles Intercepted . | . . . . . . . . . . . . . . . . . . . . . . . . . Alert | -11 -10 -10 -9 -9 -9 -8 -8 -8 -8 -6 -6 -6 -6 -6 -5 -5 -5 -5 -4 -4 -4 -3 -3 -3 ------- Run | Scr Mat Min Mat Min Exi Min Mat Sto Rec Fac Ext Cet Arc Hub Fac Upp Upp Zhi Pro Fac Arm Res Qua Sec Peak Influence 1415 | . 308 113 360 184 . 111 382 612 469 1415 462 401 163 657 1165 . . . . 755 1253 802 597 618 Initial 1040 | . . 8 5 16 . . 1 18 114 1040 374 49 28 39 236 . . . . 168 277 386 338 13 Average 386 | . 96 27 145 75 . 16 173 319 316 1025 242 218 130 270 569 . . . . 299 886 586 263 249 Maximum Alert Level 4 | . 1 . 1 . . . 1 2 2 4 2 2 . 2 4 . . . . 3 4 3 2 2 Low Security (%) 35 | 100 88 100 67 100 . 100 50 21 24 . 50 49 100 29 . . . . . 29 . . 32 45 Level 1 27 | . 11 . 32 . . . 49 43 46 . 29 46 . 65 28 . . . . 41 5 9 48 27 Level 2 17 | . . . . . . . . 35 28 . 19 4 . 5 42 . . . . 22 9 77 19 26 Level 3 16 | . . . . . . . . . . 74 . . . . 23 . . . . 7 75 12 . . Level 4 2 | . . . . . . . . . . 25 . . . . 5 . . . . . 9 . . . Level 5 . | . . . . . . . . . . . . . . . . . . . . . . . . . High Security . | . . . . . . . . . . . . . . . . . . . . . . . . . Max Security . | . . . . . . . . . . . . . . . . . . . . . . . . . Squads Dispatched 74 | . 1 . . . . . 3 . . 9 1 . . 7 10 . . . 1 7 8 11 10 6 Investigation 5 | . 1 . . . . . . . . . . . . 2 . . . . . . . 2 . . Extermination 24 | . . . . . . . . . . 1 . . . 2 2 . . . . 2 5 3 3 6 Reinforcement 22 | . . . . . . . 3 . . 4 1 . . 3 1 . . . . 3 1 1 5 . Assault 13 | . . . . . . . . . . 2 . . . . 4 . . . 1 2 2 2 . . Garrison 10 | . . . . . . . . . . 2 . . . . 3 . . . . . . 3 2 . Intercept . | . . . . . . . . . . . . . . . . . . . . . . . . . Searches Triggered 2 | . . . . . . . . . . 2 . . . . . . . . . . . . . . Construction Impeded 2 | . . . . . . . . . . 1 1 . . . . . . . . . . . . . Haulers Reinforced . | . . . . . . . . . . . . . . . . . . . . . . . . . Active Scanning Responses . | . . . . . . . . . . . . . . . . . . . . . . . . . Cargo Convoy Interrupts 1 | . . . . . . . . . . . . . . . . . . . . 1 . . . . Stealth | -11 -10 -10 -9 -9 -9 -8 -8 -8 -8 -6 -6 -6 -6 -6 -5 -5 -5 -5 -4 -4 -4 -3 -3 -3 --------- Run | Scr Mat Min Mat Min Exi Min Mat Sto Rec Fac Ext Cet Arc Hub Fac Upp Upp Zhi Pro Fac Arm Res Qua Sec Distress Signals 23 | . 1 . 2 . . . 1 1 . . . . . 2 3 . . . . 3 1 1 3 5 Communications Jammed . | . . . . . . . . . . . . . . . . . . . . . . . . . Distress Signals . | . . . . . . . . . . . . . . . . . . . . . . . . . Times Spotted 674 | . 12 10 21 8 . 4 27 24 9 39 13 13 7 42 72 15 8 3 22 72 96 49 49 59 Peak Tracking Total 13 | . 3 6 3 3 . 2 4 6 3 5 3 6 1 6 7 9 3 3 11 13 6 5 5 6 Tactical Retreats 17 | . . . . . . . . . . 1 . . . . 2 . . . . 4 3 . 4 3 Traps | -11 -10 -10 -9 -9 -9 -8 -8 -8 -8 -6 -6 -6 -6 -6 -5 -5 -5 -5 -4 -4 -4 -3 -3 -3 ------- Run | Scr Mat Min Mat Min Exi Min Mat Sto Rec Fac Ext Cet Arc Hub Fac Upp Upp Zhi Pro Fac Arm Res Qua Sec Traps Triggered 20 | . 3 . 3 . . . 2 1 . 1 5 . . 1 1 . 1 . . . . 2 . . Indirectly 1 | . . . . . . . . . . . . . . . 1 . . . . . . . . . Trap Hack Attempts . | . . . . . . . . . . . . . . . . . . . . . . . . . Triggered . | . . . . . . . . . . . . . . . . . . . . . . . . . Disarmed 27 | . 9 . 4 . . . . . . . . . . . . . . . . . . . 12 2 Reprogrammed . | . . . . . . . . . . . . . . . . . . . . . . . . . Reused . | . . . . . . . . . . . . . . . . . . . . . . . . . Traps Extracted . | . . . . . . . . . . . . . . . . . . . . . . . . . Installed . | . . . . . . . . . . . . . . . . . . . . . . . . . Triggered . | . . . . . . . . . . . . . . . . . . . . . . . . . Machines | -11 -10 -10 -9 -9 -9 -8 -8 -8 -8 -6 -6 -6 -6 -6 -5 -5 -5 -5 -4 -4 -4 -3 -3 -3 ---------- Run | Scr Mat Min Mat Min Exi Min Mat Sto Rec Fac Ext Cet Arc Hub Fac Upp Upp Zhi Pro Fac Arm Res Qua Sec Machines Disabled 144 | . . . . 1 1 . 2 4 . 4 2 3 3 34 29 1 . 2 1 10 17 6 9 15 Max in Single Turn 19 | . . . . 1 1 . 1 1 . 2 1 1 1 19 7 1 . 1 1 5 2 1 2 2 Garrison Access 3 | . . . . . . . . . . . . . . 1 . . . . . . . . 1 1 Network Hub 2 | . . . . . . . . . . . . . . 2 . . . . . . . . . . Energy Cycler 1 | . . . . . . . . . . . . . . . . . . . . . 1 . . . Machines Sabotaged . | . . . . . . . . . . . . . . . . . . . . . . . . . Garrisons Compromised . | . . . . . . . . . . . . . . . . . . . . . . . . . Overloaded Fab Kills . | . . . . . . . . . . . . . . . . . . . . . . . . . Hacking | -11 -10 -10 -9 -9 -9 -8 -8 -8 -8 -6 -6 -6 -6 -6 -5 -5 -5 -5 -4 -4 -4 -3 -3 -3 --------- Run | Scr Mat Min Mat Min Exi Min Mat Sto Rec Fac Ext Cet Arc Hub Fac Upp Upp Zhi Pro Fac Arm Res Qua Sec Machines Accessed 69 | . 6 . 3 . 3 . . 3 . 1 10 2 1 6 . . 2 . . 3 6 5 7 11 Terminals 60 | . 6 . 3 . . . . 3 . 1 10 2 . 5 . . . . . 3 6 5 6 10 Fabricators . | . . . . . . . . . . . . . . . . . . . . . . . . . Repair Stations . | . . . . . . . . . . . . . . . . . . . . . . . . . Recycling Units . | . . . . . . . . . . . . . . . . . . . . . . . . . Scanalyzers . | . . . . . . . . . . . . . . . . . . . . . . . . . Garrison Access 3 | . . . . . . . . . . . . . . 1 . . . . . . . . 1 1 Total Hacks 241 | . 21 . 7 . 40 . . 8 . 1 21 5 9 14 . . 5 . . 6 15 14 32 43 Successful 167 | . 18 . 5 . 40 . . 5 . 1 9 5 9 12 . . 5 . . 3 8 7 19 21 Failed 74 | . 3 . 2 . . . . 3 . . 12 . . 2 . . . . . 3 7 7 13 22 Catastrophic 10 | . . . . . . . . . . . . . . . . . . . . . 3 2 1 4 Database Lockouts . | . . . . . . . . . . . . . . . . . . . . . . . . . Manual 89 | . 8 . 4 . . . . 1 . . 4 1 . 7 . . . . . 5 6 11 18 24 Terminals 183 | . 21 . 7 . . . . 8 . 1 21 5 . 13 . . . . . 6 15 14 30 42 Fabricators . | . . . . . . . . . . . . . . . . . . . . . . . . . Repair Stations . | . . . . . . . . . . . . . . . . . . . . . . . . . Recycling Units . | . . . . . . . . . . . . . . . . . . . . . . . . . Scanalyzers . | . . . . . . . . . . . . . . . . . . . . . . . . . Garrison Access 4 | . . . . . . . . . . . . . . 1 . . . . . . . . 2 1 Terminal Hacks 133 | . 14 . 4 . 40 . . 5 . 1 7 5 9 6 . . 5 . . 1 6 5 12 13 Record 80 | . 6 . . . 40 . . . . . . 4 9 5 . . 4 . . . 3 2 3 4 Prototype ID Bank 2 | . 1 . . . . . . . . . . . . 1 . . . . . . . . . . Open Door 13 | . . . . . . . . 1 . 1 6 1 . . . . 1 . . . 2 . . 1 Level Access Points 2 | . 1 . . . . . . . . . . . . . . . . . . . . . . 1 Branch Access Points 5 | . 1 . 2 . . . . . . . . . . . . . . . . 1 1 . . . Emergency Access Points 1 | . . . . . . . . 1 . . . . . . . . . . . . . . . . Terminal Index 1 | . . . . . . . . . . . . . . . . . . . . . . . . 1 Alert Level 3 | . 1 . . . . . . 1 . . . . . . . . . . . . . 1 . . Unreport Threat 5 | . . . . . . . . . . . . . . . . . . . . . . 2 2 1 Locate Traps 1 | . 1 . . . . . . . . . . . . . . . . . . . . . . . Disarm Traps 8 | . 2 . 2 . . . . . . . . . . . . . . . . . . . 3 1 Surveillance Status 1 | . . . . . . . . 1 . . . . . . . . . . . . . . . . Extermination Status 1 | . . . . . . . . . . . . . . . . . . . . . . . 1 . Hauler Manifests 2 | . . . . . . . . 1 . . . . . . . . . . . . . . . 1 Registered Components 2 | . 1 . . . . . . . . . . . . . . . . . . . . . . 1 Zone Layout 6 | . . . . . . . . . . . 1 . . . . . . . . . . . 3 2 Fabricator Hacks . | . . . . . . . . . . . . . . . . . . . . . . . . . Repair Station Hacks . | . . . . . . . . . . . . . . . . . . . . . . . . . Recycling Unit Hacks . | . . . . . . . . . . . . . . . . . . . . . . . . . Scanalyzer . | . . . . . . . . . . . . . . . . . . . . . . . . . Garrison Access Hacks 3 | . . . . . . . . . . . . . . 1 . . . . . . . . 1 1 Seal Access 3 | . . . . . . . . . . . . . . 1 . . . . . . . . 1 1 Unauthorized Hacks 31 | . 4 . 1 . . . . . . . 2 . . 5 . . . . . 2 2 2 6 7 Terminals 31 | . 4 . 1 . . . . . . . 2 . . 5 . . . . . 2 2 2 6 7 Botnet 31 | . 4 . 1 . . . . . . . 2 . . 5 . . . . . 2 2 2 6 7 Fabricators . | . . . . . . . . . . . . . . . . . . . . . . . . . Repair Stations . | . . . . . . . . . . . . . . . . . . . . . . . . . Recycling Units . | . . . . . . . . . . . . . . . . . . . . . . . . . Scanalyzers . | . . . . . . . . . . . . . . . . . . . . . . . . . Garrison Access . | . . . . . . . . . . . . . . . . . . . . . . . . . Data Cores Recovered 5 | . . . . . . . . . . 1 . . . 1 . . . . . 1 1 . . 1 Used . | . . . . . . . . . . . . . . . . . . . . . . . . . Hacking Detections 48 | . 5 . 3 . . . . 4 . . 6 1 . 5 . . . . . 1 3 5 6 9 Full Trace Events 5 | . 3 . . . . . . . . . . . . 1 . . . . . . . 1 . . Feedback Events . | . . . . . . . . . . . . . . . . . . . . . . . . . Feedback Blocked . | . . . . . . . . . . . . . . . . . . . . . . . . . Robot Schematics Acquired . | . . . . . . . . . . . . . . . . . . . . . . . . . Robots Built . | . . . . . . . . . . . . . . . . . . . . . . . . . Authchips . | . . . . . . . . . . . . . . . . . . . . . . . . . Time . | . . . . . . . . . . . . . . . . . . . . . . . . . Total Robot Build Rating . | . . . . . . . . . . . . . . . . . . . . . . . . . Part Schematics Acquired 1 | . . . . . . . . . . . . . . . . . . . . . . . 1 . Parts Built . | . . . . . . . . . . . . . . . . . . . . . . . . . Authchips . | . . . . . . . . . . . . . . . . . . . . . . . . . Time . | . . . . . . . . . . . . . . . . . . . . . . . . . Total Part Build Rating . | . . . . . . . . . . . . . . . . . . . . . . . . . Parts Repaired . | . . . . . . . . . . . . . . . . . . . . . . . . . Time . | . . . . . . . . . . . . . . . . . . . . . . . . . Parts Recycled . | . . . . . . . . . . . . . . . . . . . . . . . . . Recycled Matter . | . . . . . . . . . . . . . . . . . . . . . . . . . Retrieved Matter . | . . . . . . . . . . . . . . . . . . . . . . . . . Retrieved Components . | . . . . . . . . . . . . . . . . . . . . . . . . . Parts Scanalyzed . | . . . . . . . . . . . . . . . . . . . . . . . . . Part Schematics Acquired . | . . . . . . . . . . . . . . . . . . . . . . . . . Parts Damaged . | . . . . . . . . . . . . . . . . . . . . . . . . . Bothacking | -11 -10 -10 -9 -9 -9 -8 -8 -8 -8 -6 -6 -6 -6 -6 -5 -5 -5 -5 -4 -4 -4 -3 -3 -3 ------------ Run | Scr Mat Min Mat Min Exi Min Mat Sto Rec Fac Ext Cet Arc Hub Fac Upp Upp Zhi Pro Fac Arm Res Qua Sec Used RIF Installer . | . . . . . . . . . . . . . . . . . . . . . . . . . Robots Hacked . | . . . . . . . . . . . . . . . . . . . . . . . . . Non-combat . | . . . . . . . . . . . . . . . . . . . . . . . . . Combat . | . . . . . . . . . . . . . . . . . . . . . . . . . Robot Hacks Applied . | . . . . . . . . . . . . . . . . . . . . . . . . . Relay Couplers Released . | . . . . . . . . . . . . . . . . . . . . . . . . . Fabnet Peak Effective % . | . . . . . . . . . . . . . . . . . . . . . . . . . Robots Rewired 8 | . . . . . . . . . . . . . . . . . . . . . 8 . . . Allies Hacked . | . . . . . . . . . . . . . . . . . . . . . . . . . Hacks Repelled . | . . . . . . . . . . . . . . . . . . . . . . . . . Allies | -11 -10 -10 -9 -9 -9 -8 -8 -8 -8 -6 -6 -6 -6 -6 -5 -5 -5 -5 -4 -4 -4 -3 -3 -3 -------- Run | Scr Mat Min Mat Min Exi Min Mat Sto Rec Fac Ext Cet Arc Hub Fac Upp Upp Zhi Pro Fac Arm Res Qua Sec Total Allies 34 | . . . . 1 . . . 10 . . 13 . . . . . 2 . . . 8 . . . Largest Group 10 | . . . . 1 . . . 10 6 6 6 6 . . . . 2 . . . 4 . . . Highest-Rated Group 332 | . . . . 31 . . . 173 106 106 332 332 . . . . 56 . . . 272 . . . Highest-Rated Ally 159 | . . . . 31 . . . 29 29 29 159 159 . . . . 31 . . . 68 . . . Total Orders . | . . . . . . . . . . . . . . . . . . . . . . . . . Ally Attacks 338 | . . . . . . . . 69 79 20 53 53 . . . . . . . . 64 . . . Total Damage 7184 | . . . . . . . . 859 538 183 952 1401 . . . . . . . . 3251 . . . Kills 61 | . . . . . . . . 8 14 2 10 9 . . . . . . . . 18 . . . Allies Corrupted . | . . . . . . . . . . . . . . . . . . . . . . . . . Allies Melted . | . . . . . . . . . . . . . . . . . . . . . . . . . Intel | -11 -10 -10 -9 -9 -9 -8 -8 -8 -8 -6 -6 -6 -6 -6 -5 -5 -5 -5 -4 -4 -4 -3 -3 -3 ------- Run | Scr Mat Min Mat Min Exi Min Mat Sto Rec Fac Ext Cet Arc Hub Fac Upp Upp Zhi Pro Fac Arm Res Qua Sec Robot Analysis Total . | . . . . . . . . . . . . . . . . . . . . . . . . . Derelict Logs Recovered 5 | . . 1 . 1 . . . . . . . . . . . . 1 . 2 . . . . . Drone Launches . | . . . . . . . . . . . . . . . . . . . . . . . . . Drone Recoveries . | . . . . . . . . . . . . . . . . . . . . . . . . . Decoded 0b10 Intel 77 | . . . . . . . . . . . . . . . . . . . . 14 22 19 22 . Traps 30 | . . . . . . . . . . . . . . . . . . . . . . 13 17 . Emergency Access 44 | . . . . . . . . . . . . . . . . . . . . 12 22 5 5 . Garrisons 1 | . . . . . . . . . . . . . . . . . . . . 1 . . . . Exits 2 | . . . . . . . . . . . . . . . . . . . . 1 . 1 . . Exploration | -11 -10 -10 -9 -9 -9 -8 -8 -8 -8 -6 -6 -6 -6 -6 -5 -5 -5 -5 -4 -4 -4 -3 -3 -3 ------------- Run | Scr Mat Min Mat Min Exi Min Mat Sto Rec Fac Ext Cet Arc Hub Fac Upp Upp Zhi Pro Fac Arm Res Qua Sec Turns Passed 24435 | 54 602 689 885 631 677 477 1467 669 282 1155 1106 416 113 1486 1533 659 741 450 767 1387 2569 1179 2162 2279 Spaces Moved 14697 | 35 371 520 572 475 507 358 936 419 137 645 481 180 55 833 832 408 510 299 410 802 1487 698 1335 1392 Core 2 | 2 . . . . . . . . . . . . . . . . . . . . . . . . Treads . | . . . . . . . . . . . . . . . . . . . . . . . . . Legs 14695 | 33 371 520 572 475 507 358 936 419 137 645 481 180 55 833 832 408 510 299 410 802 1487 698 1335 1392 Wheels . | . . . . . . . . . . . . . . . . . . . . . . . . . Hover . | . . . . . . . . . . . . . . . . . . . . . . . . . Flight . | . . . . . . . . . . . . . . . . . . . . . . . . . Fastest Speed 50 | 50 120 120 120 120 120 120 120 127 127 127 127 126 126 124 124 124 124 124 120 120 120 120 120 120 Average Speed 125 | 116 120 120 120 120 120 120 128 127 127 127 196 180 126 125 124 124 124 124 121 120 120 120 120 120 Slowest Speed 197 | 120 120 120 120 120 120 120 192 127 127 127 197 197 126 126 124 124 124 124 124 120 190 120 120 120 Overloaded Moves . | . . . . . . . . . . . . . . . . . . . . . . . . . Propulsion Burnouts . | . . . . . . . . . . . . . . . . . . . . . . . . . Robots Hopped . | . . . . . . . . . . . . . . . . . . . . . . . . . Cave-ins Triggered . | . . . . . . . . . . . . . . . . . . . . . . . . . Exploration Rate (%) 68 | 3 73 92 67 85 92 83 90 88 46 22 79 81 83 88 26 57 76 100 64 25 92 25 95 74 Regions Visited 24 Branch Regions 17 Pre-discovered Areas 1 | . . . . . 1 . . . . . . . . . . . . . . . . . . . Known Exits Taken 24 | 1 1 1 1 1 1 1 1 1 1 1 1 1 1 1 1 1 1 1 1 1 1 1 1 . Unknown Exits Taken . | . . . . . . . . . . . . . . . . . . . . . . . . . Scrap Searched 10 | . . . . 1 . 1 . . . . . . . . . 2 3 . 3 . . . . . Spaces Dug 63 | . . . . . . . . . . . 1 . . 3 42 . . . . 7 3 2 5 . Terrain Destroyed 1383 | . . 1 1 6 . 2 63 34 39 47 12 9 14 383 157 43 33 3 75 90 104 59 119 89 Melee . | . . . . . . . . . . . . . . . . . . . . . . . . . Projectile 833 | . . 1 1 6 . 2 63 34 39 47 12 9 14 66 65 43 33 3 75 59 83 59 69 50 AOE 550 | . . . . . . . . . . . . . . 317 92 . . . . 31 21 . 50 39 Terrain Rammed . | . . . . . . . . . . . . . . . . . . . . . . . . . Walls Destroyed . | . . . . . . . . . . . . . . . . . . . . . . . . . Machines Disabled . | . . . . . . . . . . . . . . . . . . . . . . . . . Actions | -11 -10 -10 -9 -9 -9 -8 -8 -8 -8 -6 -6 -6 -6 -6 -5 -5 -5 -5 -4 -4 -4 -3 -3 -3 --------- Run | Scr Mat Min Mat Min Exi Min Mat Sto Rec Fac Ext Cet Arc Hub Fac Upp Upp Zhi Pro Fac Arm Res Qua Sec Total 17852 | 48 459 551 680 495 533 380 1056 483 179 811 585 221 71 1036 1060 495 559 354 530 1038 1972 868 1636 1752 Wait 808 | . 30 5 16 . . 1 11 13 18 62 30 6 . 85 42 . 3 34 4 26 108 36 101 177 Move 14674 | 34 370 519 571 474 506 357 935 418 136 644 480 179 54 832 831 407 509 298 409 802 1486 697 1334 1392 Hop . | . . . . . . . . . . . . . . . . . . . . . . . . . Pick Up 181 | 7 10 1 15 . . 1 18 4 . 3 5 3 . 1 11 10 2 2 10 21 27 4 10 16 Fast Attach . | . . . . . . . . . . . . . . . . . . . . . . . . . Attach 65 | 7 . 1 7 1 . . 4 1 . 1 2 1 . . . 5 . . 4 6 5 2 6 12 Detach . | . . . . . . . . . . . . . . . . . . . . . . . . . Swap 56 | . 2 . 1 . . 1 7 3 . 2 3 . . 1 1 . 1 1 5 4 14 . 4 6 Drop 122 | . 6 . 9 . . 1 15 2 . 3 3 2 . 2 9 7 2 2 8 16 20 2 8 5 Fire 1118 | . 37 17 46 18 19 11 55 27 24 62 19 17 9 79 94 23 20 8 52 76 123 68 111 103 Melee . | . . . . . . . . . . . . . . . . . . . . . . . . . Ram . | . . . . . . . . . . . . . . . . . . . . . . . . . Kick 5 | . . . . . . . . . . . 1 . . . . . . . . . . 2 1 1 Crush . | . . . . . . . . . . . . . . . . . . . . . . . . . Escape Stasis 25 | . . . . . . . . 5 . . 20 . . . . . . . . . . . . . Rewire 55 | . . . . . 1 . . . . . . . . . . . . . . . 54 . . . Trap . | . . . . . . . . . . . . . . . . . . . . . . . . . Miscellaneous 743 | . 4 8 15 2 7 8 11 10 1 34 22 13 8 36 72 43 22 9 38 87 135 57 61 40 Route ------- -11/Scrapyard -10/Materials (discovered 5 exits: *Mat x3 / *Min x2) -10/Mines -9/Materials (discovered 3 exits: *Mat x2 / *Min) -9/Mines (discovered 3 exits: *Mat x2 / *Exi) -9/Exiles -8/Mines (discovered 2 exits: *Mat x2) -8/Materials (discovered 4 exits: *Fac x3 / *Sto) -8/Storage (discovered 2 exits: *Fac / *Rec) -8/Recycling -6/Factory -6/Extension (discovered 2 exits: *Fac / *Cet) -6/Cetus -6/Archives (discovered 2 exits: *Hub x2) -6/Hub_04(d) (discovered 4 exits: *Fac x4) -5/Factory (discovered 2 exits: *Fac / *Upp) -5/Upper Caves -5/Upper Caves -5/Zhirov -4/Proximity Caves -4/Factory (discovered 4 exits: *Res / Upp x2 / *Arm) -4/Armory (discovered 2 exits: *Res x2) -3/Research (discovered 2 exits: Res / *Qua) -3/Quarantine (discovered 2 exits: *Res / *Sec) -3/Section 7 History --------- Turn | Location | Event 1 | -11/Scrapyard | Upgraded with Propulsion slot (x1) 1 | -11/Scrapyard | Upgraded with Utility slot (x1) 1 | -11/Scrapyard | Upgraded with Weapon slot (x1) 7 | -11/Scrapyard | Identified exit to Materials 7 | -11/Scrapyard | Discovered exit to Materials (range 16) 55 | -11/Scrapyard | Entered Materials 78 | -10/Materials | Identified exit to Mines 78 | -10/Materials | Identified exit to Materials 326 | -10/Materials | Build established: Hacker-Mutant 657 | -10/Materials | Entered Mines 659 | -10/Mines | Reached level 2 662 | -10/Mines | Upgraded with Utility slot (x1) 762 | -10/Mines | Received a Rocket Launcher from a helpful Derelict 881 | -10/Mines | Discovered exit to Materials (range 14) 957 | -10/Mines | Assembled infested the area 962 | -10/Mines | Assisted by a Guerilla fighting off Assembled 1117 | -10/Mines | Learned Materials emergency access door positions 1149 | -10/Mines | Joined a pair of Derelicts in attacking an 0b10 outpost 1276 | -10/Mines | Found a hidden stash of uninstalled traps 1346 | -10/Mines | Entered Materials 1348 | -9/Materials | Reached level 3 1348 | -9/Materials | Reached level 4 1466 | -9/Materials | Upgraded with Propulsion slot (x2) 1466 | -9/Materials | Upgraded with Utility slot (x1) 1498 | -9/Materials | Identified exit to Mines 1617 | -9/Materials | Reached level 5 1620 | -9/Materials | Upgraded with Weapon slot (x1) 1740 | -9/Materials | Identified exit to Materials 1740 | -9/Materials | Discovered exit to Materials (range 15) 2160 | -9/Materials | Discovered exit to Materials (range 6) 2204 | -9/Materials | Build established: Hacker-Gunner 2231 | -9/Materials | Entered Mines 2233 | -9/Mines | Reached level 6 2233 | -9/Mines | Upgraded with Utility slot (x1) 2234 | -9/Mines | Received a Mining Laser from a helpful Derelict 2284 | -9/Mines | Met a Derelict bent on vengeance 2325 | -9/Mines | Discovered exit to Materials (range 7) 2719 | -9/Mines | Learned Materials interactive machine intel 2761 | -9/Mines | Discovered exit to Materials (range 8) 2856 | -9/Mines | Deemed a non-threat by the Exiles lab entrance 2857 | -9/Mines | Identified exit to Exiles 2857 | -9/Mines | Discovered exit to Exiles (range 5) 2862 | -9/Mines | Entered Exiles 2862 | -9/Exiles | Found Exiles lab destroyed 2939 | -9/Exiles | Reached level 7 3212 | -9/Exiles | Learned location of Zion (-7) 3529 | -9/Exiles | Identified exit to Mines 3529 | -9/Exiles | Discovered exit to Mines (range 11) 3539 | -9/Exiles | Entered Mines 3873 | -8/Mines | Discovered exit to Materials (range 8) 3951 | -8/Mines | Discovered exit to Materials (range 6) 4016 | -8/Mines | Entered Materials 4017 | -8/Materials | Loaded intel: 19 interactive machine locations 4018 | -8/Materials | Reached level 8 4018 | -8/Materials | Upgraded with Utility slot (x1) 4077 | -8/Materials | Reached level 9 4224 | -8/Materials | Identified exit to Storage 4224 | -8/Materials | Discovered exit to Storage (range 9) 4284 | -8/Materials | Upgraded with Weapon slot (x1) 4544 | -8/Materials | Reached level 10 4585 | -8/Materials | Identified exit to Factory 4585 | -8/Materials | Discovered exit to Factory (range 17) 4665 | -8/Materials | Discovered exit to Factory (range 10) 4959 | -8/Materials | Discovered exit to Factory (range 8) 5026 | -8/Materials | Reached level 11 5483 | -8/Materials | Entered Storage 5624 | -8/Storage | Reached level 12 5741 | -8/Storage | Assisted by bots powering up and referring to "LRC-V3" 6029 | -8/Storage | Discovered exit to Factory (range 13) 6047 | -8/Storage | Build established: Commander-Gunner 6138 | -8/Storage | Used back door to open Recycling access 6138 | -8/Storage | Identified exit to Recycling 6138 | -8/Storage | Discovered exit to Recycling (range 4) 6152 | -8/Storage | Entered Recycling 6152 | -8/Recycling | Accompanied by 6 allies 6154 | -8/Recycling | Reached level 13 6164 | -8/Recycling | Upgraded with Utility slot (x1) 6172 | -8/Recycling | Spotter reported a threat 6182 | -8/Recycling | Spotter reported a threat 6190 | -8/Recycling | Spotter reported a threat 6208 | -8/Recycling | Spotter reported a threat 6217 | -8/Recycling | Spotter reported a threat 6226 | -8/Recycling | Spotter reported a threat 6241 | -8/Recycling | Spotter reported a threat 6281 | -8/Recycling | Spotter reported a threat 6281 | -8/Recycling | Spotter reported a threat 6282 | -8/Recycling | Destroyed 8 combat bots 6301 | -8/Recycling | Spotter reported a threat 6310 | -8/Recycling | Spotter reported a threat 6334 | -8/Recycling | Spotter reported a threat 6363 | -8/Recycling | Spotter reported a threat 6384 | -8/Recycling | Spotter reported a threat 6384 | -8/Recycling | Spotter reported a threat 6384 | -8/Recycling | Spotter reported a threat 6393 | -8/Recycling | Identified exit to Factory 6393 | -8/Recycling | Discovered exit to Factory (range 19) 6427 | -8/Recycling | Spotter reported a threat 6427 | -8/Recycling | Spotter reported a threat 6434 | -8/Recycling | Entered Factory 6434 | -6/Factory | Accompanied by 6 allies 6436 | -6/Factory | Reached level 14 6662 | -6/Factory | Reached level 15 6751 | -6/Factory | Destroyed 11 combat bots 6784 | -6/Factory | Search patrols dispatched 6831 | -6/Factory | Build established: Hacker-Gunner 7134 | -6/Factory | Search patrols dispatched 7191 | -6/Factory | Reached level 16 7422 | -6/Factory | Garrison activated, responded to threat 7484 | -6/Factory | First assault squad dispatched 7524 | -6/Factory | Reached level 17 7579 | -6/Factory | Identified exit to Extension 7579 | -6/Factory | Discovered exit to Extension (range 10) 7589 | -6/Factory | Entered Extension 7595 | -6/Extension | Upgraded with Utility slot (x1) 7595 | -6/Extension | Upgraded with Weapon slot (x1) 7668 | -6/Extension | Rescued a captive Derelict 7668 | -6/Extension | Rescued a captive Derelict 7694 | -6/Extension | Rescued a captive Derelict 7694 | -6/Extension | Rescued a captive Derelict 8049 | -6/Extension | Rescued a captive Derelict 8049 | -6/Extension | Rescued a captive Derelict 8056 | -6/Extension | Spotted B-75 Beast 8075 | -6/Extension | Spotted B-75 Beast 8095 | -6/Extension | Destroyed B-75 Beast 8102 | -6/Extension | Reached level 18 8102 | -6/Extension | Allies destroyed B-75 Beast 8245 | -6/Extension | Rescued a captive Derelict 8246 | -6/Extension | Rescued a captive Derelict 8450 | -6/Extension | Rescued a captive Derelict 8451 | -6/Extension | Rescued a captive Derelict 8537 | -6/Extension | Rescued A7 8599 | -6/Extension | Rescued a captive Derelict 8600 | -6/Extension | Rescued a captive Derelict 8672 | -6/Extension | Identified exit to Factory 8672 | -6/Extension | Discovered exit to Factory (range 10) 8674 | -6/Extension | Identified exit to Cetus 8674 | -6/Extension | Discovered exit to Cetus (range 6) 8695 | -6/Extension | Entered Cetus 8695 | -6/Cetus | Accompanied by 6 allies (A7) 8700 | -6/Cetus | Acquired a Cetus Manufacturing Module code from A7 8719 | -6/Cetus | Spotted Cetus Guard 8721 | -6/Cetus | Spotted Cetus Guard 8725 | -6/Cetus | Spotted Cetus Guard 8725 | -6/Cetus | Allies destroyed Cetus Guard 8728 | -6/Cetus | Spotted Cetus Guard 8732 | -6/Cetus | Allies destroyed Cetus Guard 8740 | -6/Cetus | Allies destroyed Cetus Guard 8741 | -6/Cetus | Allies destroyed Cetus Guard 8806 | -6/Cetus | Cetus Manufacturing Module disabled 8845 | -6/Cetus | Failed to start Cetus Manufacturing Module 8860 | -6/Cetus | Escorted A7 to Cetus Mainframe 8894 | -6/Cetus | Reached level 19 8972 | -6/Cetus | Upgraded with Propulsion slot (x1) 9057 | -6/Cetus | Identified exit to Archives 9057 | -6/Cetus | Discovered exit to Archives (range 22) 9081 | -6/Cetus | Destroyed A7 9087 | -6/Cetus | Extracted ID and sensor layout for unrecognized location from A7's data core 9111 | -6/Cetus | Entered Archives 9166 | -6/Archives | Identified exit to Hub_04(d) 9166 | -6/Archives | Discovered exit to Hub_04(d) (range 22) 9187 | -6/Archives | Discovered exit to Hub_04(d) (range 22) 9195 | -6/Archives | Unable to access archive contents 9224 | -6/Archives | Entered Hub_04(d) 9345 | -6/Hub_04(d) | Discovered exit to Factory (range 19) 9599 | -6/Hub_04(d) | Spotted B-75 Beast 9612 | -6/Hub_04(d) | Destroyed B-75 Beast 9726 | -6/Hub_04(d) | Reached level 20 9798 | -6/Hub_04(d) | Discovered exit to Factory (range 22) 9798 | -6/Hub_04(d) | Discovered exit to Factory (range 8) 10146 | -6/Hub_04(d) | Discovered exit to Factory (range 11) 10545 | -6/Hub_04(d) | Network Hub disabled 10567 | -6/Hub_04(d) | Spotted Lightning 10583 | -6/Hub_04(d) | Spotted Lightning 10584 | -6/Hub_04(d) | Spotted Lightning 10584 | -6/Hub_04(d) | Spotted Lightning 10604 | -6/Hub_04(d) | Destroyed Lightning 10611 | -6/Hub_04(d) | System corruption reached 10% 10620 | -6/Hub_04(d) | Destroyed Lightning 10629 | -6/Hub_04(d) | Spotted Lightning 10629 | -6/Hub_04(d) | Spotted Lightning 10631 | -6/Hub_04(d) | Spotted Lightning 10632 | -6/Hub_04(d) | Destroyed Lightning 10637 | -6/Hub_04(d) | Core integrity fell below 50% 10663 | -6/Hub_04(d) | Core integrity fell below 20% 10706 | -6/Hub_04(d) | Network Hub disabled 10710 | -6/Hub_04(d) | Entered Factory 10711 | -5/Factory | Core integrity fell below 50% 10711 | -5/Factory | Core integrity fell below 20% 10712 | -5/Factory | Reached level 21 10799 | -5/Factory | Identified exit to Upper Caves 10799 | -5/Factory | Discovered exit to Upper Caves (range 21) 11010 | -5/Factory | First assault squad dispatched 11143 | -5/Factory | Assembled infested ambush trap array 11228 | -5/Factory | Destroyed 12 combat bots 11394 | -5/Factory | Spotted B-75 Beast 11685 | -5/Factory | Identified exit to Factory 11685 | -5/Factory | Discovered exit to Factory (range 6) 11728 | -5/Factory | Garrison activated, responded to threat 11738 | -5/Factory | Reached level 22 11790 | -5/Factory | Destroyed 8 combat bots 11989 | -5/Factory | Destroyed 9 combat bots 12094 | -5/Factory | Destroyed 7 combat bots 12243 | -5/Factory | Entered Upper Caves 12283 | -5/Upper Caves | Reached level 23 12419 | -5/Upper Caves | Spotted B-75 Beast 12441 | -5/Upper Caves | Destroyed B-75 Beast 12476 | -5/Upper Caves | Attracted the attention of an 0b10 checkpoint 12753 | -5/Upper Caves | Attracted the attention of an 0b10 outpost 12806 | -5/Upper Caves | Destroyed 9 combat bots 12842 | -5/Upper Caves | Identified exit to Upper Caves 12842 | -5/Upper Caves | Discovered exit to Upper Caves (range 6) 12902 | -5/Upper Caves | Entered another Upper Caves area 13369 | -5/Upper Caves | Learned Factory trap positions 13445 | -5/Upper Caves | A Commander dispatched an escort 13464 | -5/Upper Caves | Learned location of 1 exit from Research 13464 | -5/Upper Caves | Learned Armory trap positions 13581 | -5/Upper Caves | Identified exit to Zhirov 13581 | -5/Upper Caves | Discovered exit to Zhirov (range 14) 13643 | -5/Upper Caves | Entered Zhirov 13643 | -5/Zhirov | Accompanied by 2 allies 13643 | -5/Zhirov | Identified exit to Proximity Caves 13643 | -5/Zhirov | Discovered exit to Proximity Caves (range 3) 13644 | -5/Zhirov | Commander's escort returned to base 13644 | -5/Zhirov | Commander's escort returned to base 13658 | -5/Zhirov | Cloak Generator disabled 13658 | -5/Zhirov | Attacked by Zhirov 13666 | -5/Zhirov | Met Zhirov 13670 | -5/Zhirov | Destroyed Perun 13678 | -5/Zhirov | Zhirov warped through subspace 13678 | -5/Zhirov | Destroyed Svarog 13684 | -5/Zhirov | Zhirov detonated his lab 14093 | -5/Zhirov | Entered Proximity Caves 14095 | -4/Proximity Caves | Reached level 24 14097 | -4/Proximity Caves | Upgraded with Utility slot (x1) 14566 | -4/Proximity Caves | Attracted the attention of an 0b10 outpost 14572 | -4/Proximity Caves | Discovered exit to Factory (range 7) 14653 | -4/Proximity Caves | Destroyed 11 combat bots 14860 | -4/Proximity Caves | Entered Factory 14861 | -4/Factory | Identified exit to Armory 14862 | -4/Factory | Loaded intel: 80 trap records 14862 | -4/Factory | Reached level 25 14980 | -4/Factory | Build established: Scavenger-Gunner 15012 | -4/Factory | Identified exit to Upper Caves 15204 | -4/Factory | Identified exit to Research 15687 | -4/Factory | Destroyed 8 combat bots 15860 | -4/Factory | First assault squad dispatched 15989 | -4/Factory | Reached level 26 16085 | -4/Factory | Cargo convoy interrupted 16085 | -4/Factory | Spotted Striker 16101 | -4/Factory | Destroyed Striker 16133 | -4/Factory | Core integrity fell below 50% 16165 | -4/Factory | Destroyed 7 combat bots 16247 | -4/Factory | Entered Armory 16248 | -4/Armory | Loaded intel: 46 trap records 16376 | -4/Armory | Energy Cycler disabled 16426 | -4/Armory | Upgraded with Utility slot (x1) 16559 | -4/Armory | Destroyed 13 combat bots 16806 | -4/Armory | Discovered exit to Research (range 8) 16888 | -4/Armory | Reached level 27 16997 | -4/Armory | First assault squad dispatched 17075 | -4/Armory | Destroyed 7 combat bots 18049 | -4/Armory | Spotted B-86 Titan 18064 | -4/Armory | Destroyed B-86 Titan 18530 | -4/Armory | Discovered exit to Research (range 4) 18816 | -4/Armory | Entered Research 18817 | -3/Research | Identified exit to Research 18818 | -3/Research | Reached level 28 18884 | -3/Research | Garrison activated, responded to threat 19062 | -3/Research | Build established: Hacker-Gunner 19109 | -3/Research | First assault squad dispatched 19307 | -3/Research | Reached level 29 19842 | -3/Research | Identified exit to Quarantine 19866 | -3/Research | Garrison activated, responded to threat 19959 | -3/Research | Spotted B-90 Cyclops 19969 | -3/Research | Destroyed B-90 Cyclops 19995 | -3/Research | Entered Quarantine 20147 | -3/Quarantine | Discovered exit to Research (range 18) 20275 | -3/Quarantine | Found Alien Artifact 20437 | -3/Quarantine | Scanned by Researcher 20673 | -3/Quarantine | Reached level 30 20825 | -3/Quarantine | Garrison activated, responded to threat 20884 | -3/Quarantine | Destroyed 7 combat bots 21348 | -3/Quarantine | Spotted Fortress 21456 | -3/Quarantine | Core integrity fell below 50% 21463 | -3/Quarantine | Destroyed Fortress 21795 | -3/Quarantine | Build established: Hacker-Mutant 22127 | -3/Quarantine | Build established: Hacker-Gunner 22149 | -3/Quarantine | Identified exit to Section 7 22149 | -3/Quarantine | Discovered exit to Section 7 (range 6) 22157 | -3/Quarantine | Entered Section 7 22169 | -3/Section 7 | Found Alien Artifact 22170 | -3/Section 7 | Identified Integrity Redistributor 22170 | -3/Section 7 | Used Integrity Redistributor, redistributed integrity from core (-112) 22485 | -3/Section 7 | Found Prototype Device 22486 | -3/Section 7 | Identified Exp. Thermal Shield 22590 | -3/Section 7 | Found Alien Artifact 22591 | -3/Section 7 | Identified Spacefold Activator 23012 | -3/Section 7 | Spotted B-86 Titan 23396 | -3/Section 7 | Destroyed B-86 Titan 23474 | -3/Section 7 | Discovered exit to Research (range 22) 23759 | -3/Section 7 | Reached level 31 23882 | -3/Section 7 | Spotted Alpha 7 23897 | -3/Section 7 | Spotted Alpha 7 23952 | -3/Section 7 | Destroyed Alpha 7 23952 | -3/Section 7 | Destroyed Alpha 7 23993 | -3/Section 7 | Spotted B-99 Colossus 24045 | -3/Section 7 | Destroyed B-99 Colossus 24124 | -3/Section 7 | Found Alien Artifact 24125 | -3/Section 7 | Identified Integrated Dissipator 24125 | -3/Section 7 | Installed Integrated Dissipator, increased core heat dissipation (+20) 24129 | -3/Section 7 | Found Integrated Dissipator 24130 | -3/Section 7 | Installed Integrated Dissipator, increased core heat dissipation (+20) 24132 | -3/Section 7 | Found Integrated Dissipator 24133 | -3/Section 7 | Installed Integrated Dissipator, increased core heat dissipation (+20) 24175 | -3/Section 7 | Found Alien Artifact 24176 | -3/Section 7 | Identified LRC Matter Compressor 24176 | -3/Section 7 | Installed LRC Matter Compressor, increased matter storage capacity (+125) 24183 | -3/Section 7 | Identified Subatomic Replicator 24183 | -3/Section 7 | Used Subatomic Replicator to replicate Alien Artifact 24187 | -3/Section 7 | Identified LRC Armor 24187 | -3/Section 7 | Installed LRC Armor, increased core integrity (+250) 24189 | -3/Section 7 | Found LRC Armor 24190 | -3/Section 7 | Installed LRC Armor, increased core integrity (+250) 24192 | -3/Section 7 | Found LRC Armor 24193 | -3/Section 7 | Installed LRC Armor, increased core integrity (+250) 24300 | -3/Section 7 | Found Alien Artifact 24301 | -3/Section 7 | Identified Core Reset Matrix 24301 | -3/Section 7 | Used Core Reset Matrix 24305 | -3/Section 7 | Sensed 10 artifacts in vicinity 24432 | -3/Section 7 | Spotted Executioner 24436 | -3/Section 7 | Self-destructed Last Messages --------------- 24376_ W-44 Eye knocked back. 24377_ Acquired 4 matter. 24378_ K-01 Serf cleans the Core Housing. 24378_ Destroyed Unknown Hover Unit. 24378_ W-44 Eye knocked back. 24379_ Acquired 7 matter. 24380_ W-44 Eye destroyed. 24381_ Acquired 11 matter. 24383_ K-01 Serf cleans the Core Housing. 24386_ K-01 Serf collects debris. 24388_ K-01 Serf cleans the Core Housing. 24392_ K-01 Serf collects debris. 24395_ K-01 Serf cleans the Core Housing. 24423_ K-01 Serf cleans the Construction Supplies. 24430_ Sigix Exoskeleton lights up in response to your presence. 24432_ ALERT: Rogue bot located, Q-Series report to Section 7 Zone 4Z. 24433_ Penetrated by Slug. 24433_ Slug penetrates Reinforced Barrier. 24436_ Penetrated by Slug. [Achievement: Punisher] Map ----- +----------------------------------------------------+ | ????? ????????????????????????????????????? | | ????? ????????????????????????????????????? | | ????? ???????????????????????????????????? | | ????? ?????????? ????????????????????????? | | ????? ??????????? ??????????????????????? | | ""??? ???????????" "???? ????????????????? | | " """ ???????????? ""?" ?????????????? | | " """"?????????" ???????????? | | "" ??????????" ????????? | | """???""""""" ??????? | | ????? ?????? | | ??????? ? "????? | | ????????? k ??? ????? | | "??????????? """?? ???? | | ""???????????" "?? ???? | | """"""""""""" "???? ???? | | "???? ????? | | " """"" ""????? | | " "?????? | | """ u """????? | | " """????? | | c """???? | | """???? | | """???? | | """????? | | """"""""" @ """"""?????????? | | """"""""""""""""""" ### """"""?????????? | | """""""""""""""""""""""#?# """"""?????????? | | ########################?####+++########?????????? | | ????????????????????????????" ""???????????????? | | ????????????????????????????" """#?????????????? | | ???????????????????????????"" """#?????????????? | | ######?????????????????????"" """#?????????????? | | """""#????????????????????""" """#?????????????? | | """""#????????????????????""" """#?????????????? | | "#????????????????????"" ""#?????????????? | | """""#????????????????????? "#?????????????? | | """""#????????????????????? "??????????????? | | """""#????????????????????? "??????????????? | | """""#?????????????????????" T"??????????????? | | "#????????????????????? """ "??????????????? | | "#????????????????????? " " "??????????????? | | "" "#?????????????????????? "#" "??????????????? | | # ####?????????????????????""#?#"""??????????????? | | ###?????????????????????????#???###??????????????? | | #????????????????????????????????????????????????? | | #????????????????????????????????????????????????? | | #????????????????????????????????????????????????? | | #????????????????????????????????????????????????? | | #????????????????????????????????????????????????? | +----------------------------------------------------+ Best States ------------- Heat Dissipation 194 Energy Generation 30 Energy Capacity 550 Matter Stores 800 Matter Capacity 800 Sight Range 22 Terrain Scan Density 10 EM Shielding 3 Armor Coverage 825 Resistance: KI 55 Resistance: TH 55 Resistance: EX 55 Resistance: EM 35 Resistance: I 35 Resistance: S 35 Resistance: P 35 Evasion (%) 55 Targeting Accuracy 15 Armor Integrity Analysis 40 Recoil Reduction 6 Matter Filtering 30 Kinecelleration 30 Offensive Hacking 20 Item Schematics ----------------- None Robot Schematics ------------------ None Fabricated ------------ Nothing Alien Tech Used ----------------- Integrity Redistributor Spacefold Activator Integrated Dissipator LRC Matter Compressor Subatomic Replicator LRC Armor Core Reset Matrix Achievements -------------- Close Call Decoder Ring Exposed Punisher Treasure Hunter Challenges ------------ None RPGLIKE | -11 -10 -10 -9 -9 -9 -8 -8 -8 -8 -6 -6 -6 -6 -6 -5 -5 -5 -5 -4 -4 -4 -3 -3 -3 --------- Run | Scr Mat Min Mat Min Exi Min Mat Sto Rec Fac Ext Cet Arc Hub Fac Upp Upp Zhi Pro Fac Arm Res Qua Sec Levels Raised 30 | . . 1 3 1 1 . 4 1 1 4 1 1 . 1 2 1 . . 1 2 1 2 1 1 XP Earned 51370 | 6000 1370 1100 4828 1450 500 1000 5068 2474 846 5568 1747 1299 302 1556 3578 629 371 152 1875 2229 2320 2495 1231 1382 XP Spent 47990 | 5940 . 1500 4445 1600 . . 5925 1500 3085 1400 4605 2950 . 1500 1500 1300 . . 3180 . 2900 3160 1500 . Upgrades 87 | 23 . 4 8 2 . . 7 2 4 2 6 5 . 3 4 2 . . 4 . 1 9 1 . Propulsion Slot 4 | 1 . . 2 . . . . . . . . 1 . . . . . . . . . . . . Utility Slot 9 | 1 . 1 1 1 . . 1 . 1 . 1 . . . . . . . 1 . 1 . . . Weapon Slot 4 | 1 . . 1 . . . 1 . . . 1 . . . . . . . . . . . . . Core Integrity 13 | 8 . . 3 . . . . . . . . . . . . . . . 2 . . . . . Heat Dissipation 13 | 3 . . . . . . . . 1 . 2 . . . . . . . . . . 7 . . Energy Generation 1 | 1 . . . . . . . . . . . . . . . . . . . . . . . . Energy Storage 4 | 4 . . . . . . . . . . . . . . . . . . . . . . . . Matter Storage 6 | . . . . 1 . . 1 1 1 . 2 . . . . . . . . . . . . . Inventory Capacity 6 | 4 . . . . . . . 1 . . . . . . . . . . . . . . 1 . Sight Range 6 | . . 1 1 . . . 1 . 1 1 . 1 . . . . . . . . . . . . Ranged Accuracy 5 | . . 1 . . . . . . . 1 . . . 2 . . . . . . . 1 . . KI Resistance % 4 | . . . . . . . . . . . . 1 . . 2 1 . . . . . . . . TH Resistance % 4 | . . . . . . . . . . . . 1 . . 1 1 . . . . . 1 . . EX Resistance % 4 | . . . . . . . . . . . . 1 . 1 1 . . . 1 . . . . . KI Damage % 4 | . . 1 . . . . 3 . . . . . . . . . . . . . . . . . Protomatter Created 7149 | . 80 78 186 12 96 68 153 160 114 368 77 112 178 451 820 242 149 . 428 872 931 725 521 328 Integrity Restored 15563 | . 79 159 299 22 101 174 128 132 18 757 467 253 161 711 1521 960 444 201 837 1878 2867 1214 1325 855 Core 11407 | . 79 159 185 22 29 107 98 95 . 625 180 184 51 457 1521 960 364 201 837 1239 1484 827 848 855 Parts 4156 | . . . 114 . 72 67 30 37 18 132 287 69 110 254 . . 80 . . 639 1383 387 477 . Protomatter Decayed 3232 | . 29 35 74 4 58 . 65 260 166 53 240 298 122 215 286 54 . 8 159 231 285 381 166 43 Game ------ Seed ColdProtonExtractor Manual? 0 Play Time 03:36:29 Cumulative 88.5 hours Start 2022.04.09 @ 12:00:01 End 2022.04.10 @ 12:22:35 Sessions 5 Manual Loads 0 Difficulty Explorer Special Mode Winter2019/RPGLIKE Game No. 46 Rogue 9 Adventurer 5 Explorer 32 Win Type - Total 16 Types 10/0/2/4/0/0/0/0/0 Lore% 63 Gallery% 61 Achievement% 65 Wizard Run 0 Options --------- ASCII 0 Keyboard 0 Movement Mouse Keybinds 0 Fullscreen 1 Font 18/Terminus Map View 76x50 Tactical HUD 1 Map Filters NONE Filters NONE Steam 1 RUN: 3ab78696-3b1c-4398-9cc0-337cdd694983